 Seeded DCSS version 0.29-a0-830-gcb1280458a (webtiles) character file.

Game seed: 20220711 (custom seed)

228698 flotson the Warrior (level 19, -2/159 HPs)
             Began as a Demonspawn Delver on July 11, 2022.
             Was an Initiate of Gozag.
             Slain by a radroach (40 damage)
             ... on level 4 of the Spider Nest.
             The game lasted 02:20:10 (45264 turns).

flotson the Warrior (Demonspawn Delver)            Turns: 45264, Time: 02:20:11

Health: -2/159     AC: 44    Str: 21 (22) XL:     19   Next: 8%
Magic:  23/23      EV: 15    Int: 10 (11) God:    Gozag
Gold:   740        SH: 13    Dex: 16      Spells: 7/27 levels left

rFire   . . .      SeeInvis +   b - +9 demon trident (vamp)
rCold   + + .      Faith    .   N - +1 kite shield {AC+3}
rNeg    + + .      Spirit   .   R - +6 pearl dragon scales
rPois   +          Reflect  .   V - +1 helmet of Xom {rC+ Dex+2 SInv}
rElec   +          Harm     .   W - scarf {shadows}
rCorr   .          Rampage  ∞   I - +0 pair of gloves
Will    ++...                   X - +3 pair of seven-league boots {Rampage+∞}
Stlth   +.........              w - amulet "Tylomamatu" {RegenMP rElec rPois}
HPRegen 0.36/turn               B - +4 ring of slaying
MPRegen 0.58/turn               g - ring "Vataul" {rC+ rN+ Will+ AC+4}

@: sanguine armoured, slightly contaminated, studying 2 skills
A: hooves 2, demonic guardian 2, powered by death 2, sanguine armour 3, deformed
body, low MP 1
a: Renounce Religion, Potion Petition, Call Merchant, Bribe Branch


You were on level 4 of the Spider Nest.
You worshipped Gozag.
Gozag was pleased with you.
You visited 5 branches of the dungeon, and saw 30 of its levels.
You also visited: Gauntlet and Ice Cave.

You collected 12933 gold pieces.
You spent 9812 gold pieces at shops.
You paid 2381 gold pieces to Gozag.

Inventory:

Hand Weapons
 a - the +3 Elemental Staff {rElec rF++ rC++ AC+5}
   (You found it on level 12 of the Dungeon)

   If the wielder is skilled in Evocations, they can discharge powerful blasts
   of elemental energy when striking with it.
   It enhances your fire, ice, earth and air magic.
   AC:        It affects your AC (+5).
   rF:        It greatly protects you from fire.
   rC:        It greatly protects you from cold.
   rElec:     It insulates you from electricity.
 b - a +9 vampiric demon trident (weapon)
 c - a +2 vorpal broad axe
Missiles
 i - 5 datura-tipped darts
 m - 6 atropa-tipped darts
 G - 2 curare-tipped darts
 U - 8 silver javelins (quivered)
Armour
 I - a +0 pair of gloves (worn)
 N - a +1 kite shield of protection (worn)
 R - +6 pearl dragon scales (worn)
 V - the +1 helmet of Xom (worn) {rC+ Dex+2 SInv}
   (You bought it in a shop on level 2 of the Dungeon)

   Dex:       It affects your dexterity (+2).
   rC:        It protects you from cold.
   SInv:      It lets you see invisible.
 W - a scarf of shadows (worn)
 X - the +3 pair of seven-league boots (worn) {Rampage+∞}
   (You found it on level 14 of the Dungeon)

   Its wearer moves as far as possible in that direction when moving towards
   enemies.
Jewellery
 g - the ring "Vataul" (right hand) {rC+ rN+ Will+ AC+4}
   (You bought it in a shop on level 1 of the Elven Halls)

   [ring of protection]

   AC:        It affects your AC (+4).
   rC:        It protects you from cold.
   rN:        It protects you from negative energy.
   Will:      It increases your willpower.
 n - the ring "Quesaj" {rPois Will+ AC+4 Dex-3 Stlth+}
   (You bought it in a shop on level 1 of the Elven Halls)

   [ring of protection]

   AC:        It affects your AC (+4).
   Dex:       It affects your dexterity (-3).
   rPois:     It protects you from poison.
   Will:      It increases your willpower.
   Stlth:     It makes you more stealthy.
 w - the amulet "Tylomamatu" (around neck) {RegenMP rElec rPois}
   (You bought it in a shop on level 2 of the Orcish Mines)

   [amulet of magic regeneration]

   It increases your rate of magic regeneration.
   rElec:     It insulates you from electricity.
   rPois:     It protects you from poison.
 B - a +4 ring of slaying (left hand)
 S - the ring "Medem" {Fly Will+ Dex+4}
   (You found it on level 7 of the Dungeon)

   [ring of flight]

   Dex:       It affects your dexterity (+4).
   Fly:       It grants you flight.
   Will:      It increases your willpower.
Wands
 l - a wand of light (4)
 t - a wand of digging (8)
 y - a wand of mindburst (16)
 H - a wand of iceblast (10)
 M - a wand of polymorph (4)
Scrolls
 e - 10 scrolls of fear
 k - 7 scrolls of fog
 r - 7 scrolls of vulnerability
 u - 2 scrolls of silence
 A - 5 scrolls of poison
 F - 9 scrolls of teleportation
 J - 5 scrolls of immolation
 K - 3 scrolls of magic mapping
 T - 2 scrolls of blinking
 Y - a scroll of summoning
Potions
 d - 3 potions of mutation
 j - 2 potions of might
 o - 6 potions of haste
 p - 3 potions of berserk rage
 s - 15 potions of curing
 v - 5 potions of attraction
 z - 2 potions of ambrosia
 D - 4 potions of cancellation
 E - 11 potions of heal wounds
 O - 4 potions of lignification
 P - 2 potions of invisibility
 Q - 4 potions of resistance
Miscellaneous
 f - a phantom mirror
 q - a condenser vane
 x - a piece from Xom's chessboard (15/15)
 C - a tin of tremorstones (2/2)
 L - a box of beasts
 Z - a phial of floods


   Skills:
 + Level 16.6 Fighting
 - Level 6.3(8.1) Axes
 - Level 7.9(10.1) Polearms
 - Level 7.5(9.1) Staves
 - Level 12.0 Throwing
 - Level 12.5 Armour
 - Level 12.7 Dodging
 - Level 4.5 Stealth
 + Level 10.9 Shields
 + Level 4.8 Spellcasting
 + Level 2.9 Conjurations
 + Level 7.1 Ice Magic
 + Level 2.6 Earth Magic
 - Level 13.5 Evocations


You had 7 spell levels left.
You knew the following spells:

 Your Spells              Type           Power      Damage    Failure   Level
a - Stone Arrow           Conj/Erth      16%        3d8       77%         3
b - Lee's Rapid Deconstr  Erth           3%         3d6*      100%        5
c - Iron Shot             Conj/Erth      4%         9d2       100%        6
d - Frozen Ramparts       Ice            32%        1d5       21%         3
e - Ozocubu's Armour      Ice            16%        N/A       21%         3

Your spell library contained the following spells:

 Spells                   Type           Power      Damage    Failure   Level
 Beastly Appendage        Tmut           4%         N/A       78%         1
 Sting                    Tmut/Pois      8%         1d3       78%         1
 Poisonous Vapours        Pois/Air       4%         N/A       89%         2
 Wereblood                Tmut           2%         N/A       89%         2
 Ice Form                 Ice/Tmut       9%         N/A       96%         4
 Summon Ice Beast         Ice/Summ       9%         N/A       96%         4
 Confusing Touch          Hex            2%         N/A       98%         3
 Portal Projectile        Hex/Tloc       4%         N/A       98%         3
 Spider Form              Tmut/Pois      2%         N/A       98%         3
 Tukima's Dance           Hex            2%         N/A       98%         3
 Animate Armour           Summ/Erth      10%        N/A       100%        4
 Fulminant Prism          Conj/Hex       2%         3d6       100%        4
 Iskenderun's Mystic Bla  Conj/Tloc      5%         2d3       100%        4
 Leda's Liquefaction      Hex/Erth       2%         N/A       100%        4
 Olgreb's Toxic Radiance  Pois           2%         N/A       100%        4
 Blade Hands              Tmut           1%         N/A       100%        5
 Borgnjor's Vile Clutch   Necr/Erth      2%         N/A       100%        5
 Metabolic Englaciation   Hex/Ice        4%         N/A       100%        5
 Summon Forest            Summ/Tloc      1%         N/A       100%        5
 Summon Mana Viper        Hex/Summ       2%         N/A       100%        5
 Yara's Violent Unravell  Hex/Tmut       1%         3d3       100%        5
 Conjure Ball Lightning   Conj/Air       2%         3x3d6     100%        6
 Death Channel            Necr           1%         N/A       100%        6
 Statue Form              Tmut/Erth      3%         N/A       100%        6
 Summon Cactus Giant      Summ           1%         N/A       100%        6
 Enfeeble                 Hex            1%         N/A       100%        7
 Borgnjor's Revivificati  Necr           1%         N/A       100%        8
 Discord                  Hex            1%         N/A       100%        8
 Disjunction              Tloc           1%         N/A       100%        8
 Lehudib's Crystal Spear  Conj/Erth      4%         10d3      100%        8
 Necromutation            Tmut/Necr      1%         N/A       100%        8
 Chain Lightning          Conj/Air       2%         3d3       100%        9
 Death's Door             Necr           1%         N/A       100%        9
 Fire Storm               Conj/Fire      2%         8d1       100%        9
 Shatter                  Erth           3%         3d7*      100%        9
 Animate Dead             Necr           Unusable   N/A       N/A         4
 Simulacrum               Ice/Necr       Unusable   N/A       N/A         6

Dungeon Overview and Level Annotations

Branches:
Dungeon (15/15)            Temple (0/1) D:6            Lair (6/6) D:11
 Shoals (0/4) Lair:3       Spider (4/4) Lair:2        Slime (0/5) Lair:5
    Orc (2/2) D:10            Elf (3/3) Orc:2        Vaults (0/5) D:13
 Depths (0/4) D:15          IceCv (visited)         Gauntlet (visited)

Altars:
Cheibriados
Dithmenos
Gozag
Makhleb
Nemelex Xobeh
Okawaru
Ru
Sif Muna
Uskayaw
Vehumet
Wu Jian
Yredelemnul
Lugonu

Shops:
D:2 [   D:6 *   D:8 *   D:15 **   Orc:2 :*!*=(=   Elf:1 =   Elf:3 !

Portals:
Abyss: Lair:6


Innate Abilities, Weirdness & Mutations

You have hoof-like feet.
A demonic guardian rushes to your aid.
You regenerate health from kills.
When seriously injured, your blood forms very thick armour. (AC +12)
Armour fits poorly on your strangely shaped body.
Your magical capacity is low. (-10% MP)


Message History

The radroach is moderately wounded.
The radroach erupts in a fountain of uncontrolled magic!
You are blasted with magical radiation!!
* * * LOW HITPOINT WARNING * * *
You are very lightly contaminated with residual magic.
You hit the radroach.
The radroach is moderately wounded.
You hit the radroach.
You feel better.
The radroach is moderately wounded.
The radroach bites you but does no damage.
The radroach barely misses you.
You hit the radroach but do no damage.
The radroach is moderately wounded.
You block the radroach's attack.
The radroach claws you but does no damage.
You hit the radroach but do no damage.
The radroach is moderately wounded.
The radroach misses you.
The radroach claws you but does no damage.
You hit the radroach.
The radroach is moderately wounded.
You are no longer corroded.
The radroach closely misses you. The radroach misses you.
You puncture the radroach!
You feel better.
The radroach is heavily wounded.
The radroach erupts in a fountain of uncontrolled magic!
You are blasted with magical radiation.
* * * LOW HITPOINT WARNING * * *
You are lightly contaminated with residual magic.
You puncture the radroach!
The radroach is severely wounded.
The radroach bites you!
* * * LOW HITPOINT WARNING * * *
The radroach closely misses you.
You hit the radroach.
The radroach is severely wounded.
The radroach erupts in a fountain of uncontrolled magic!
You are blasted with magical radiation!!!
You die...
Your body crumbles into a pile of gold.

##$..## #...... ##...##
#..#..# ##..^^.##
#.....# #.......##
###...... ##
#..^#^.#.###........
#..#...##...[^...^.....
#.......##.......##^#..
#^..$B# ###.....###^..
#..^.@# #.....# #...
##^#### ##...####^.. #
#...# #..## ##^## ####
### ## #.


You could see a radroach.

Vanquished Creatures
  Rupert (Lair:4)
  2 deep elf blademasters
  A deep elf master archer (Elf:3)
  Frances (Spider:1)
  Roxanne (Spider:2)
  A sphinx (D:12)
  3 deep elf sorcerers
  A frost giant (IceCv)
  4 emperor scorpions
  3 ghost moths
  An orc warlord (Elf:3)
  4 deep elf elementalists
  A broodmother (Spider:1)
  10 deep elf demonologists
  Azrael (Elf:1)
  7 entropy weavers
  9 deep elf annihilators
  A bunyip (shapeshifter) (Gauntlet)
  5 spark wasps
  A dire elephant (D:15)
  A fire dragon (D:15)
  6 deep elf death magi (Elf:3)
  Josephine (Spider:1)
  3 deep elf high priests
  7 hydras
  4 vault guards (D:13)
  A rakshasa (D:14)
  A catoblepas (Lair:2)
  6 boulder beetles
  2 death knights
  2 jorogumos (Spider:2)
  5 centaur warriors
  3 two-headed ogres
  4 radroaches
  The ghost of gdog the Covert, a novice GnDe of Gozag (D:9)
  2 death scarabs (Spider:2)
  12 death yaks
  3 tengu warriors
  4 orc high priests
  3 thrashing horrors (Lair:6)
  Urug (D:10)
  14 deep elf knights
  Amaemon (D:9)
  8 skeletal warriors
  10 steelbarb worms
  6 pharaoh ants
  3 orb spiders
  2 deep trolls (shapeshifter)
  12 deep elf archers
  23 deep elf pyromancers
  A wizard (D:14)
  A phantasmal warrior (D:14)
  2 harpies (shapeshifter)
  28 deep elf zephyrmancers
  11 orc knights
  4 manticores
  5 orc sorcerers
  10 wolf spiders
  3 ugly things
  4 cyclopes
  12 elephants
  2 oklob plants
  5 black mambas
  A moth of wrath (Spider:2)
  A black mamba (shapeshifter) (Lair:6)
  Joseph (D:8)
  A guardian serpent (D:14)
  3 torpor snails
  The ghost of coolguy69 the Cutter, a novice VSBe of Trog (D:5)
  An orange demon (D:9)
  3 gargoyles
  An ice statue (IceCv)
  12 cane toads
  8 demonic crawlers
  4 rime drakes
  A freezing wraith (D:14)
  A komodo dragon (shapeshifter) (Lair:6)
  An unseen horror (D:13)
  2 efreet
  11 komodo dragons
  2 yaktaurs (shapeshifter)
  2 tengu conjurers
  An ancient zyme (Lair:6)
  3 trolls
  7 meliai
  A hornet (D:9)
  5 polar bears
  16 tarantellas
  A tarantella (shapeshifter) (D:15)
  16 blink frogs
  5 dream sheep (Lair:6)
  2 slime creatures (D:13)
  2 centaur simulacra (Gauntlet)
  12 jumping spiders
  4 water elementals
  Sigmund (D:4)
  A spriggan (Lair:6)
  A ynoxinul (D:9)
  16 culicivoras
  An air elemental (Elf:3)
  65 yaks
  A wyvern (Lair:6)
  2 humans (shapeshifter)
  3 steam dragons
  7 wraiths
  25 redbacks
  9 vampire mosquitoes
  6 basilisks
  4 fire elementals
  A large abomination (Lair:6)
  Menkaure (D:4)
  A harpy simulacrum (Gauntlet)
  4 wargs
  4 acid dragons
  Duvessa (D:5)
  3 hell hounds (Elf:1)
  19 water moccasins
  27 orc warriors
  5 ice beasts
  A sky beast (D:7)
  7 ogres
  4 boggarts (D:15)
  10 centaurs
  6 small abominations (Lair:6)
  20 wolves
  5 kobold brigands
  9 bullfrogs
  5 scorpions
  2 necrophages
  4 earth elementals
  Dowan (D:5)
  A hornet simulacrum (Gauntlet)
  9 wights
  17 killer bees
  5 electric eels (D:14)
  2 howler monkeys
  A bullfrog zombie (D:5)
  3 hounds
  2 jellies
  16 orc priests
  2 gnoll boudas (D:6)
  Ijyb (D:3)
  2 iguanas
  22 orc wizards
  A howler monkey zombie (D:5)
  9 adders
  14 gnolls
  2 shadow imps (D:5)
  2 white imps (D:8)
  2 worms (D:2)
  2 dart slugs
  54 orcs
  9 endoplasms
  5 giant cockroaches
  6 goblins
  9 hobgoblins
  4 quokkas
  8 ball pythons
  7 bats
  A frilled lizard (D:3)
  31 kobolds
  2 rats (D:3)
  A butterfly (Lair:2)
963 creatures vanquished.

Vanquished Creatures (collateral kills)
  Nikola (Spider:1)
  Arachne (Spider:2)
  Jorgrun (D:15)
  A deep elf master archer (Elf:3)
  Gastronok (Orc:1)
  A frost giant (D:12)
  A deep elf demonologist (Elf:3)
  A minotaur (Gauntlet)
  2 deep elf death magi
  A hydra (D:14)
  A centaur warrior (D:13)
  A catoblepas (D:14)
  A boulder beetle (Spider:1)
  7 dancing weapons
  A steelbarb worm (Spider:3)
  An orb spider (Spider:3)
  A deep elf archer (Elf:1)
  An orc knight (Orc:2)
  A deep elf zephyrmancer (Elf:2)
  4 deep elf pyromancers
  A wolf spider (Spider:3)
  A cyclops (shapeshifter) (Lair:6)
  A manticore (D:12)
  An orc sorcerer (Orc:2)
  A moth of wrath (Spider:3)
  A torpor snail (Spider:2)
  3 cane toads (Lair:1)
  A smoke demon (Lair:6)
  2 rime drakes (IceCv)
  A freezing wraith (D:12)
  2 meliai
  3 tarantellas (Spider:3)
  2 blink frogs (Lair:6)
  A dream sheep (shapeshifter) (Lair:6)
  2 slime creatures (D:13)
  A culicivora (Spider:2)
  A spriggan (Lair:6)
  A water elemental (Elf:2)
  2 yaks (Lair:4)
  A fire elemental (Elf:1)
  4 redbacks
  3 vampire mosquitoes (D:12)
  A sky beast (D:7)
  An orc warrior (Orc:1)
  3 small abominations (Lair:6)
  A wolf (IceCv)
  A centaur (D:9)
  An orc wizard (Orc:1)
  An iguana (D:5)
  A gnoll (D:6)
  An adder (D:5)
  A worm (D:3)
  5 orcs
  2 endoplasms
85 creatures vanquished.

Vanquished Creatures (others)
  A death scarab (Spider:1)
  25 dancing weapons
  An orc high priest (Orc:2)
  3 deep elf knights
  A phantasmal warrior (D:14)
  A culicivora (Spider:1)
  A water elemental (Elf:1)
  A vampire mosquito (D:12)
  3 redbacks (Spider:1)
  A boggart (D:15)
  A hound (D:6)
  4 orc wizards
  An orc (D:7)
  3 kobolds (D:6)
  32 fungi
  31 plants
  4 toadstools (D:11)
  4 withered plants (Gauntlet)
118 creatures vanquished.

Grand Total: 1166 creatures vanquished

Notes
Turn   | Place    | Note
-------+----------+-------------------------------------------
     0 | D:5      | flotson the Demonspawn Delver began the quest for the Orb.
     0 | D:5      | Reached XP level 1. HP: 18/18 MP: 1/1
     8 | D:5      | Found a sacrificial altar of Ru.
    16 | D:5      | Noticed an orc wizard
    61 | D:4      | Noticed an orc priest
    61 | D:4      | Found a burning altar of Makhleb.
    85 | D:4      | Noticed a hound
   117 | D:4      | Killed a hound
   118 | D:4      | Reached skill level 1 in Axes
   118 | D:4      | Reached skill level 1 in Armour
   118 | D:4      | Reached skill level 1 in Evocations
   118 | D:4      | Gained mutation: A weak demonic guardian rushes to your
                  | aid. [demonic ancestry]
   118 | D:4      | Reached XP level 2. HP: 13/24 MP: 2/2
   118 | D:4      | Reached XP level 3. HP: 16/29 MP: 3/3
   127 | D:4      | Noticed Menkaure
   445 | D:4      | Identified the +7 chain mail "Muhilixt" {rF+ SInv}
  1141 | D:1      | Gained mutation: You regenerate a little health from kills.
                  | [demonic ancestry]
  1141 | D:1      | Reached XP level 4. HP: 33/35 MP: 4/4
  2021 | D:2      | Reached XP level 5. HP: 41/41 MP: 1/5
  2072 | D:2      | Found a faded altar of an unknown god.
  2188 | D:2      | Reached skill level 1 in Throwing
  2226 | D:2      | Found Wiwefi's Armour Shop.
  2703 | D:3      | Identified the +0 ring mail "Qusudghu" {Contam rF++ Str+4
                  | Int+4}
  2854 | D:3      | Found a snail-covered altar of Cheibriados.
  2885 | D:3      | Noticed Ijyb
  2905 | D:3      | Killed Ijyb
  3199 | D:3      | Gained mutation: When seriously injured, your blood forms
                  | armour. (AC +12) [demonic ancestry]
  3199 | D:3      | Reached XP level 6. HP: 23/48 MP: 6/6
  3370 | D:4      | Noticed Sigmund
  3488 | D:4      | Found a basalt altar of Yredelemnul.
  3782 | D:4      | Killed Sigmund
  3783 | D:4      | Reached skill level 4 in Fighting
  3899 | D:4      | Gained mutation: When seriously injured, your blood forms
                  | thick armour. (AC +12) [demonic ancestry]
  3899 | D:4      | Reached XP level 7. HP: 54/54 MP: 7/7
  4172 | D:5      | Noticed Duvessa
  4172 | D:5      | Noticed Dowan
  4586 | D:4      | Gained mutation: When seriously injured, your blood forms
                  | very thick armour. (AC +12) [demonic ancestry]
  4586 | D:4      | Reached XP level 8. HP: 61/61 MP: 8/8
  4844 | D:5      | Reached skill level 5 in Fighting
  4892 | D:5      | Found an opulent altar of Gozag.
  5031 | D:5      | Became a worshipper of Gozag Ym Sagoz the Greedy
  5352 | D:2      | Bought a +2 cloak for 214 gold pieces
  5639 | D:5      | Found a runed translucent gate.
  5639 | D:5      | Found a runed translucent gate.
  5640 | D:5      | Found a runed translucent gate.
  5641 | D:5      | Noticed coolguy69's ghost (novice VSBe)
  5732 | D:5      | Found a sacrificial altar of Ru.
  5771 | D:5      | Killed Duvessa
  5789 | D:5      | Killed Dowan
  6022 | D:5      | Found an opulent altar of Gozag.
  6826 | D:5      | Gained mutation: You regenerate health from kills. [demonic
                  | ancestry]
  6826 | D:5      | Reached XP level 9. HP: 47/68 MP: 9/9
  7002 | D:6      | Identified the +0 pair of boots of Youthful Indiscretion
                  | {rN++ Regen+ rCorr SInv}
  7082 | D:6      | Found an iron altar of Okawaru.
  7095 | D:6      | Found Vookixuw's Magic Scroll Emporium.
  7103 | D:6      | Bought a scroll of identify for 20 gold pieces
  7103 | D:6      | Bought a scroll of identify for 20 gold pieces
  7103 | D:6      | Bought a scroll of noise for 10 gold pieces
  7103 | D:6      | Bought a scroll of teleportation for 30 gold pieces
  7155 | D:6      | Found a sparkling altar of Nemelex Xobeh.
  7231 | D:6      | Found a staircase to the Ecumenical Temple.
  7234 | D:6      | Identified the +1 robe of Ulumiff {Int+4}
  7402 | D:6      | Reached skill level 5 in Dodging
  7524 | D:6      | Reached skill level 6 in Fighting
  7524 | D:6      | Reached skill level 5 in Evocations
  7690 | D:6      | Found Vizugriq's Assorted Antiques.
  7693 | D:6      | Bought a translucent graven amulet for 135 gold pieces
  7693 | D:6      | Identified the amulet "Woatigg" {Faith +Inv Dex-2 Stlth+}
                  | (You bought it in a shop on level 6 of the Dungeon)
  7693 | D:6      | Bought a scroll labelled QUICKU LIABE for 27 gold pieces
  7693 | D:6      | Bought a white potion for 24 gold pieces
  7693 | D:6      | Bought a scroll labelled ROJOYPS BEEVI for 27 gold pieces
  8451 | D:7      | Identified the ring "Medem" {Fly Will+ Dex+4}
  8521 | D:7      | Reached skill level 5 in Axes
  8521 | D:7      | Reached skill level 5 in Armour
  8641 | D:7      | Found a shimmering blue altar of Sif Muna.
  8826 | D:4      | Killed Menkaure
  8844 | D:2      | Bought the +1 helmet of Xom {rC+ Dex+2 SInv} for 414 gold
                  | pieces
  8941 | D:5      | Killed coolguy69's ghost
  8942 | D:5      | Reached skill level 5 in Throwing
  8942 | D:5      | Reached XP level 10. HP: 77/77 MP: 10/10
  9008 | D:6      | Bought a crooked ivory wand for 108 gold pieces
  9110 | D:8      | Noticed Joseph
  9130 | D:8      | Killed Joseph
  9202 | D:8      | Found Pulib's Lightly-Used Armoury.
  9575 | D:8      | Reached skill level 7 in Fighting
  9959 | D:9      | Noticed a two-headed ogre
  9969 | D:9      | Killed a two-headed ogre
 10124 | D:9      | Found an ornate altar of the Wu Jian Council.
 10168 | D:9      | Noticed an orange demon
 10172 | D:9      | Noticed Amaemon
 10177 | D:9      | Killed an orange demon
 10277 | D:9      | Found a shadowy altar of Dithmenos.
 10342 | D:9      | Found a runed translucent door.
 10342 | D:9      | Noticed gdog's ghost (novice GnDe)
 10479 | D:9      | Paralysed by a hornet for 1 turns
 10618 | D:10     | Entered Level 10 of the Dungeon
 10773 | D:10     | Noticed Urug
 10797 | D:9      | Reached XP level 11. HP: 85/85 MP: 11/11
 10819 | D:10     | Killed Urug
 10891 | D:10     | Found a radiant altar of Vehumet.
 10891 | D:10     | Found a hide-covered altar of Uskayaw.
 11161 | D:10     | Noticed a two-headed ogre
 11168 | D:10     | Killed a two-headed ogre
 11169 | D:10     | Reached skill level 8 in Fighting
 11266 | D:10     | Found a staircase to the Orcish Mines.
 11460 | D:6      | Bought a thin blue amulet for 135 gold pieces
 11795 | D:9      | Killed gdog's ghost
 11852 | D:9      | Got the Parchment of Spelunking
 11900 | D:9      | Found a shadowy altar of Dithmenos.
 12071 | D:9      | Found an ornate altar of the Wu Jian Council.
 12096 | D:9      | Killed Amaemon
 12634 | D:11     | Found a staircase to the Lair.
 12702 | D:11     | You are sucked into a shaft and drop 2 floors!
 12704 | D:13     | Noticed a harpy
 12713 | D:13     | Killed a harpy
 12766 | D:12     | Noticed a purple ugly thing
 12782 | D:12     | Noticed a two-headed ogre
 12800 | D:12     | Noticed a deep elf pyromancer
 12812 | D:12     | Noticed a wolf spider
 13260 | D:11     | Reached XP level 12. HP: 89/94 MP: 12/12
 13294 | Lair:1   | Entered Level 1 of the Lair of Beasts
 13408 | Lair:1   | Noticed a four-headed hydra
 13425 | Lair:1   | Killed a four-headed hydra
 13519 | Lair:1   | Reached skill level 9 in Fighting
 13611 | Lair:1   | Reached skill level 1 in Shields
 14225 | Lair:2   | Noticed a catoblepas
 14245 | Lair:2   | Killed a catoblepas
 14519 | Lair:2   | Found a hole to the Spider Nest.
 15312 | Lair:3   | Found a staircase to the Shoals.
 15379 | Lair:3   | Reached skill level 5 in Polearms
 15919 | Lair:4   | Identified the +6 trident of the Traitor {venom, rElec
                  | Dex+4}
 16077 | Lair:4   | Gained mutation: You have large cloven feet. [demonic
                  | ancestry]
 16077 | Lair:4   | Reached XP level 13. HP: 102/102 MP: 13/13
 16122 | Lair:4   | You are sucked into a shaft and drop 2 floors!
 16122 | Lair:6   | Entered Level 6 of the Lair of Beasts
 16201 | Lair:4   | Noticed Rupert
 16715 | Lair:4   | Killed Rupert
 16862 | Lair:4   | Reached skill level 10 in Fighting
 17034 | Lair:5   | Found a staircase to the Slime Pits.
 18333 | Lair:6   | Reached skill level 5 in Shields
 18340 | Lair:6   | Gained mutation: A demonic guardian rushes to your aid.
                  | [demonic ancestry]
 18340 | Lair:6   | Reached XP level 14. HP: 111/111 MP: 14/14
 18447 | Lair:6   | Reached skill level 10 in Evocations
 19059 | Lair:6   | Found a corrupted altar of Lugonu.
 19059 | Lair:6   | Found a one-way gate to the infinite horrors of the Abyss.
 19064 | Lair:6   | Identified the +0 ring mail of the Depths {Harm rC+ Dex+3}
 19669 | Orc:1    | Entered Level 1 of the Orcish Mines
 19847 | Orc:1    | Reached skill level 11 in Fighting
 19889 | Orc:2    | Entered Level 2 of the Orcish Mines
 19900 | Orc:2    | Found a staircase to the Elven Halls.
 20059 | Orc:2    | Found a frozen archway.
 20068 | IceCv    | Entered an ice cave
 20131 | IceCv    | Reached skill level 10 in Dodging
 20311 | IceCv    | Noticed a frost giant
 20386 | IceCv    | Killed a frost giant
 20901 | Orc:1    | Noticed Gastronok
 20911 | Orc:1    | Killed Gastronok
 20926 | Orc:1    | Found a burning altar of Makhleb.
 21155 | Orc:1    | Reached skill level 10 in Throwing
 21309 | Orc:2    | Found Kishaqiu's Assorted Antiques.
 21317 | Orc:2    | Bought a scroll of enchant weapon for 202 gold pieces
 21317 | Orc:2    | Bought a potion of curing for 81 gold pieces
 21317 | Orc:2    | Bought an ancient whip for 202 gold pieces
 21317 | Orc:2    | Identified the +2 whip "Viqudwuq" {drain, Int+3 SInv} (You
                  | bought it in a shop on level 2 of the Orcish Mines)
 21317 | Orc:2    | Bought a potion of heal wounds for 135 gold pieces
 21474 | Orc:2    | Reached skill level 10 in Armour
 21511 | Orc:2    | Gained mutation: You have hoof-like feet. [demonic
                  | ancestry]
 21511 | Orc:2    | Reached XP level 15. HP: 97/119 MP: 15/15
 21837 | Orc:2    | Found Wekokop's Assorted Antiques.
 21837 | Orc:2    | Found Omefiub's Distillery.
 21839 | Orc:2    | Found Kupion Cema's Magic Scroll Emporium.
 21839 | Orc:2    | Found Nilalemp's Book Shop.
 21846 | Orc:2    | Bought 2 scrolls of identify for 140 gold pieces
 21846 | Orc:2    | Bought a potion of resistance for 350 gold pieces
 21846 | Orc:2    | Bought a glowing scarf for 280 gold pieces
 21846 | Orc:2    | Bought a scroll of fear for 140 gold pieces
 21849 | Orc:2    | Bought a scroll of teleportation for 51 gold pieces
 21849 | Orc:2    | Bought a scroll of teleportation for 51 gold pieces
 21849 | Orc:2    | Bought a scroll of teleportation for 51 gold pieces
 21849 | Orc:2    | Bought a scroll of poison for 68 gold pieces
 21849 | Orc:2    | Bought a scroll of enchant weapon for 127 gold pieces
 21849 | Orc:2    | Bought a scroll of blinking for 127 gold pieces
 21849 | Orc:2    | Bought a scroll of immolation for 68 gold pieces
 21849 | Orc:2    | Bought a scroll of summoning for 161 gold pieces
 21852 | Orc:2    | Bought a scroll of identify for 34 gold pieces
 21852 | Orc:2    | Bought a scroll of identify for 34 gold pieces
 22001 | D:8      | Bought -1 pearl dragon scales for 1330 gold pieces
 22119 | D:12     | Found the +3 Elemental Staff {rElec rF++ rC++ AC+5}
 22586 | D:12     | Reached skill level 1 in Staves
 22595 | D:12     | Noticed a sphinx
 22598 | D:12     | Noticed a frost giant
 22620 | D:12     | Killed a frost giant
 22629 | D:12     | Paralysed by a sphinx for 2 turns
 22632 | D:12     | Killed a sphinx
 23095 | D:6      | Bought a scroll of magic mapping for 75 gold pieces
 23095 | D:6      | Bought a scroll of silence for 95 gold pieces
 23095 | D:6      | Bought a scroll of enchant armour for 75 gold pieces
 23095 | D:6      | Bought a scroll of fog for 40 gold pieces
 23095 | D:6      | Bought a scroll of fog for 40 gold pieces
 23358 | D:13     | Found a gate to the Vaults.
 24099 | D:13     | Reached skill level 12 in Fighting
 24309 | D:14     | Found a gate leading to a gauntlet.
 24329 | Gauntlet | Entered a Gauntlet
 24329 | Gauntlet | Found a transporter.
 24340 | Gauntlet | Found a transporter.
 24353 | Gauntlet | Found a transporter.
 24362 | Gauntlet | Found a transporter.
 24384 | Gauntlet | Found a transporter.
 24396 | Gauntlet | Found a transporter.
 24403 | Gauntlet | Found a transporter.
 24426 | Gauntlet | Found a transporter.
 24439 | Gauntlet | Found a runed translucent gate.
 24440 | Gauntlet | Found a transporter.
 24440 | Gauntlet | Found a runed translucent gate.
 24440 | Gauntlet | Found a transporter.
 24441 | Gauntlet | Found a runed translucent gate.
 24488 | Gauntlet | Found a transporter.
 24504 | Gauntlet | Found a transporter.
 24517 | Gauntlet | Found a transporter.
 24547 | Gauntlet | Found a transporter.
 24695 | Gauntlet | Identified the +1 cloak "Dypyub" {Fly rElec rF- Int+5}
 24716 | Gauntlet | Identified the +1 war axe "Rehis" {vorpal, rC- rN+ Will++
                  | Int+9}
 24716 | Gauntlet | Identified the +7 plate armour of Enyorack {Str+2 SInv}
 25261 | D:14     | Found the +3 pair of seven-league boots {Rampage+∞}
 25458 | D:14     | Reached XP level 16. HP: 121/127 MP: 16/16
 25592 | D:14     | Identified the +3 scale mail of Entitlement {-Tele rPois
                  | rC+}
 25901 | D:15     | Entered Level 15 of the Dungeon
 26445 | D:15     | Noticed Jorgrun
 26458 | D:15     | Killed Jorgrun
 26542 | D:15     | Found Yluo's Specific Store.
 26544 | D:15     | Found Wunnedd's General Store.
 26548 | D:15     | Bought a scroll of fear for 56 gold pieces
 26548 | D:15     | Bought a scroll of blinking for 105 gold pieces
 26807 | D:15     | Found a staircase to the Depths.
 27171 | Elf:1    | Entered Level 1 of the Elven Halls
 27303 | Elf:1    | Noticed Azrael
 27341 | Elf:1    | Killed Azrael
 28216 | Orc:2    | Bought an amulet of reflection for 480 gold pieces
 28483 | Elf:1    | Reached skill level 5 in Staves
 28497 | Elf:1    | Identified a scroll of acquirement
 28498 | Elf:1    | Acquired a manual of Fighting
 28514 | Elf:1    | Found Tuclonluf's Jewellery Shoppe.
 29311 | Elf:1    | Reached skill level 13 in Fighting
 30307 | Elf:2    | Found a runed translucent gate.
 30309 | Elf:2    | Found a runed translucent gate.
 30309 | Elf:2    | Found a runed translucent gate.
 30399 | Elf:2    | Noticed a Brimstone Fiend
 31155 | Elf:1    | Reached XP level 17. HP: 29/137 MP: 17/17
 33170 | Elf:1    | Bought the ring "Vataul" {rC+ rN+ Will+ AC+4} for 837 gold
                  | pieces
 33746 | Elf:3    | Entered Level 3 of the Elven Halls
 33987 | Elf:3    | Noticed a Brimstone Fiend
 34149 | Elf:3    | Gained mutation: Armour fits poorly on your strangely
                  | shaped body. [a cacodemon]
 34160 | Elf:3    | Reached skill level 14 in Fighting
 34661 | Elf:3    | Noticed a deep elf master archer
 35113 | Elf:3    | Noticed a deep elf blademaster
 35125 | Elf:3    | Noticed an Ice Fiend
 35161 | Elf:2    | Killed a deep elf blademaster
 35984 | Elf:3    | Paralysed by an air elemental for 1 turns
 35986 | Elf:3    | Paralysed by an air elemental for 1 turns
 35990 | Elf:3    | Paralysed by an air elemental for 1 turns
 36077 | Elf:3    | Killed a deep elf master archer
 36078 | Elf:3    | Identified the +3 long sword "Qovoz" {drain, rCorr Int-5
                  | SInv}
 36092 | Elf:3    | Noticed a deep elf blademaster
 36107 | Elf:3    | Killed a deep elf blademaster
 36249 | Elf:3    | Found Ezofaxt's Distillery.
 36287 | Elf:3    | Noticed an Ice Fiend
 36302 | Elf:3    | Noticed a deep elf master archer
 36307 | Elf:3    | Killed a deep elf master archer
 36372 | Elf:3    | Identified the +7 sling "Comipserch" {freeze, rPois}
 36525 | Elf:3    | Identified the +5 dagger of Starshine {vorpal, rPois rF+
                  | Will+ Str-3}
 36590 | Elf:3    | Identified the +9 whip "Killer Bee's Curse" {vorpal, Dex+4}
 36592 | Elf:3    | Identified the +2 ring mail "Pogaijo Cuqu" {rC- Slay+4}
 36894 | Elf:3    | Reached XP level 18. HP: 62/148 MP: 18/18
 37230 | Orc:2    | Bought a book of Armaments for 504 gold pieces
 37234 | Orc:2    | Learned a level 3 spell: Stone Arrow
 37240 | Orc:2    | Learned a level 5 spell: Lee's Rapid Deconstruction
 37247 | Orc:2    | Learned a level 6 spell: Iron Shot
 37251 | Orc:2    | Learned a level 3 spell: Frozen Ramparts
 37659 | Orc:2    | Bought the amulet "Tylomamatu" {RegenMP rElec rPois} for
                  | 771 gold pieces
 37760 | Spider:1 | Entered Level 1 of the Spider Nest
 37823 | Spider:1 | Reached skill level 15 in Fighting
 37911 | Spider:1 | Reached skill level 1 in Ice Magic
 37914 | Spider:1 | Noticed Nikola
 37957 | Spider:1 | Killed Nikola
 38250 | Spider:1 | Reached skill level 1 in Spellcasting
 38345 | Spider:1 | Noticed Josephine
 38352 | Spider:1 | Killed Josephine
 38890 | Spider:1 | Noticed Frances
 38902 | Spider:1 | Killed Frances
 39472 | Spider:2 | You are sucked into a shaft and drop 1 floor!
 39674 | Spider:3 | Reached skill level 10 in Shields
 39988 | Orc:2    | Bought a +4 ring of slaying for 1248 gold pieces
 40816 | Spider:2 | Noticed Arachne
 40833 | Spider:2 | Killed Arachne
 40834 | Spider:2 | Reached skill level 5 in Ice Magic
 41060 | Spider:2 | Reached skill level 16 in Fighting
 41362 | Elf:1    | Bought the ring "Quesaj" {rPois Will+ AC+4 Dex-3 Stlth+}
                  | for 690 gold pieces
 41701 | Spider:2 | Learned a level 3 spell: Ozocubu's Armour
 41838 | Spider:2 | Gained mutation: Your magical capacity is low. (-10% MP)
                  | [mutagenic glow]
 41988 | Spider:2 | Noticed Roxanne
 42023 | Spider:2 | Reached skill level 1 in Conjurations
 42061 | Spider:2 | Reached skill level 1 in Earth Magic
 42313 | Spider:2 | Killed Roxanne
 43375 | Spider:4 | Entered Level 4 of the Spider Nest
 44845 | Spider:3 | Reached XP level 19. HP: 91/159 MP: 3/23
 45264 | Spider:4 | Slain by a radroach

Illustrated notes

Levels and vault maps discovered:
D:1:      lightli_arrival_isolated_outpost, layout_basic,
          minmay_misc_feat_columns, serial_bayou_crossing
D:2:      layout_basic, hellmonk_ecumenical_altar_lost_god, serial_shops,
          shop_fountains
D:3:      layout_loops_ring, slow_altar_1, uniq_ijyb
D:4:      minmay_clustersquares, layout_rooms,
          mainiacjoe_overflow_cross_hatched, lemuel_tele_altar, uniq_sigmund,
          uniq_menkaure
D:5:      layout_rooms, pdpol_temple_overflow_zin_treasury_gozag_greed,
          nicolae_ru_great_annihilating_truth, gammafunk_ghost_necromancy,
          corexii_hall_statues_x, palyth_stone_intersect, minmay_between,
          uniq_duvessa
D:6:      layout_loops_ring, lemuel_doored_altar, overflow_temple_1_default,
          temple_fountains, serial_shops, kennysheep_mini, shop
D:7:      layout_basic, kennysheep_orc_sif_temple
D:8:      layout_basic, minmay_shop_damaged, uniq_joseph
D:9:      layout_basic, lemuel_crystal_altar, nicolae_wu_jian_wuxing_cycle,
          hellmonk_ghost_big_iron, uniq_amaemon
D:10:     layout_basic, gammafunk_temple_overflow_statue, orc_0_dummy, uniq_urug
D:11:     layout_stronghold, lair_entry_dummy, minmay_gold_behind_fungi
D:12:     minmay_strange_plus, layout_irregular_city
D:13:     layout_long_grid, lightli_vaults_fourway_checkpoint
D:14:     layout_basic, serial_corexii_hall, chequers_hall_statues_wall_a,
          chequers_hall_statues_corner_a, chequers_hall_statues_wall_a,
          corexii_hall_statues_l, corexii_hall_statues_x,
          chequers_hall_statues_wall_a, gauntlet_entry_generic,
          hellmonk_guarded_unrand_seven_league_boots
D:15:     hangedman_depths_entry_try_elsewhere_first, layout_basic,
          dk_noncrumbling_3, nicolae_specific_store, uniq_jorgrun
Lair:1:   layout_roguey, beast_lair_carwin_1, serial_bayou_shore_b
Lair:2:   layout_chaotic_city, spider_nest_entry_webs, lemuel_fruit_fields
Lair:3:   layout_long_grid, minmay_shoals_entry_centaurs, beast_lair_carwin_6
Lair:4:   layout_roguey, uniq_rupert
Lair:5:   layout_hall_layers, slime_entry_1
Lair:6:   hellmonk_lair_end_abyssal_woods, layout_cave_pods, grunt_megastairs_4,
          infiniplex_staircase_pool_2
Spider:1: layout_spider_delve, nicolae_spider_eight_legs, uniq_josephine,
          uniq_nikola, uniq_frances
Spider:2: nicolae_spider_hilbert_zone_7 [nicolae_spider_hilbert_4_sides_1_open,
          nicolae_spider_hilbert_4_sides_1_open,
          nicolae_spider_hilbert_4_sides_1_open,
          nicolae_spider_hilbert_4_sides_1_open,
          nicolae_spider_hilbert_3_sides_1_open,
          nicolae_spider_hilbert_3_sides_1_open,
          nicolae_spider_hilbert_3_sides_1_open,
          nicolae_spider_hilbert_3_sides_1_open,
          nicolae_spider_hilbert_4_sides_1_open,
          nicolae_spider_hilbert_4_sides_1_open,
          nicolae_spider_hilbert_4_sides_1_open,
          nicolae_spider_hilbert_2_sides_1_open,
          nicolae_spider_hilbert_2_sides_1_open,
          nicolae_spider_hilbert_2_sides_1_open,
          nicolae_spider_hilbert_2_sides_1_open,
          nicolae_spider_hilbert_2_sides_1_open,
          nicolae_spider_hilbert_2_sides_1_open], uniq_roxanne, uniq_arachne
Spider:3: layout_cave_pods
Spider:4: hellmonk_spider_rune_bug_friends
Orc:1:    layout_diamond_mine, bloody_makhleb, uniq_gastronok
Orc:2:    grunt_orc_tribal_feast, layout_caves, serial_shops, shop,
          portal_ice_cave_entry_pillars_1
Elf:1:    eino_elf_arrival_shootout, layout_loops_corners, serial_shops, shop,
          minivault_28, uniq_azrael
Elf:2:    nicolae_elf_blades_crystal_corner, layout_loops_corners
Elf:3:    grunt_elf_hall_branching, layout_loops_cross, serial_shops,
          nicolae_square_shop, special_room [special_room_orc]

Skill      XL: |  1  2  3  4  5  6  7  8  9 10 11 12 13 14 15 16 17 18 19 |
---------------+----------------------------------------------------------+-----
Axes           | 1 2 3 4 5 6 |  6.3
Armour         | 1 2 3 4 5 6 7 8 9 10 11 12 | 12.5
Dodging        | 2 3 4 5 6 7 8 9 10 11 12 | 12.7
Evocations     | 1 2 3 4 5 6 7 9 10 11 12 13 | 13.5
Throwing       | 1 2 3 5 6 7 8 9 10 11 12 | 12.0
Fighting       | 4 5 6 7 8 9 10 11 12 13 14 16 | 16.6
Polearms       | 3 5 6 7 |  7.9
Shields        | 3 5 6 7 8 9 10 | 10.9
Staves         | 3 5 7 |  7.5
Ice Magic      | 6 7 |  7.1
Spellcasting   | 4 |  4.8
Conjurations   | 2 |  2.9
Earth Magic    | 2 |  2.6
Stealth        | |  4.5

Action                   |  1- 3 |  4- 6 |  7- 9 | 10-12 | 13-15 | 16-18 | 19-21 || total
-------------------------+-------+-------+-------+-------+-------+-------+-------++-------
Melee: Spear             |    93 |       |       |       |       |       |       ||    93
       Whip              |     8 |   315 |   436 |       |       |       |       ||   759
       Punch             |       |     2 |    13 |     7 |       |       |       ||    22
       Short sword       |       |       |   263 |    90 |       |       |       ||   353
       Halberd           |       |       |       |   166 |       |       |       ||   166
       Flail             |       |       |       |     9 |       |       |       ||     9
       Demon trident     |       |       |       |   603 |  1604 |  1296 |    96 ||  3599
       Staff             |       |       |       |       |   374 |  1303 |       ||  1677
 Fire: Sling             |    11 |    45 |       |     3 |       |       |       ||    59
Throw: Javelin           |       |     3 |     2 |    10 |     8 |    30 |       ||    53
       Dart              |       |     5 |     9 |     5 |       |     3 |       ||    22
Invok: Call Merchant     |       |       |       |       |       |     3 |       ||     3
Evoke: Wand              |       |     2 |       |     4 |     2 |       |       ||     8
       Box of beasts     |       |       |       |       |       |     2 |       ||     2
       Phial of floods   |       |       |       |       |       |     1 |       ||     1
  Use: Scroll            |     1 |       |     7 |    19 |    19 |    11 |     1 ||    58
       Potion            |     1 |       |       |       |     4 |     5 |     2 ||    12
 Stab: Paralysed         |     2 |       |       |       |       |       |       ||     2
       Sleeping          |     1 |       |       |       |     1 |     1 |       ||     3
       Distracted        |       |       |     3 |     5 |    20 |    25 |       ||    53
       Petrified         |       |       |       |       |     2 |       |       ||     2
Armor: Leather armour    |     6 |       |       |       |       |       |       ||     6
       Chain mail        |    39 |   295 |   545 |   658 |   894 |       |       ||  2431
       Pearl dragon scal |       |       |       |       |   383 |  1469 |   105 ||  1957
Dodge: Dodged            |    38 |   155 |   295 |   585 |  1160 |  1423 |   108 ||  3764
Block: Buckler           |       |       |       |    90 |   229 |       |       ||   319
       Kite shield       |       |       |       |       |   848 |  2003 |    98 ||  2949
       Reflection        |       |       |       |       |       |    68 |       ||    68

Table legend: (Time is in decaauts)
 A = Elapsed time spent in this place.
 B = Non-inter-level travel time spent in this place.
 C = Inter-level travel time spent in this place.
 D = Time resting spent in this place.
 E = Time spent auto-exploring this place.
 F = Levels seen in this place.
 G = Mean time per level.
                   A        B        C        D        E       F      G
               +--------+--------+--------+--------+--------+-----+--------+
         Total |  45481 |  41126 |   4355 |   4733 |  24909 |  32 | 1421.3 |
       Dungeon |  18894 |  16449 |   2445 |   1063 |  10521 |  15 | 1259.6 |
          Lair |   6614 |   6060 |    554 |     53 |   4199 |   6 | 1102.3 |
   Spider Nest |   7001 |   6496 |    505 |    994 |   4046 |   4 | 1750.2 |
  Orcish Mines |   2838 |   2374 |    464 |    558 |   1030 |   2 | 1419.0 |
   Elven Halls |   8880 |   8496 |    384 |   2058 |   4384 |   3 | 2960.0 |
      Ice Cave |    745 |    745 |      0 |      6 |    411 |   1 |  745.0 |
      Gauntlet |    507 |    507 |      0 |      0 |    317 |   1 |  507.0 |
               +--------+--------+--------+--------+--------+-----+--------+

Top non-repeatable levels by time:
   Elf:2: 3860 daAuts
   Elf:1: 2777 daAuts
     D:5: 2403 daAuts
Spider:3: 2376 daAuts
   Elf:3: 2242 daAuts
Spider:2: 2152 daAuts
   Orc:2: 2032 daAuts
  Lair:6: 1940 daAuts
Spider:1: 1906 daAuts
     D:9: 1775 daAuts
     D:3: 1502 daAuts
     D:8: 1502 daAuts
     D:4: 1317 daAuts
     D:1: 1202 daAuts
    D:14: 1175 daAuts
